 Dungeon Crawl Stone Soup version 0.26-a0-757-g626ac9e51a (webtiles) character file.

Game seed: 11595527575120412889

242 Pooter the Summoner (level 6, 0/44 HPs)
             Began as a Gnoll Wanderer on Nov 7, 2020.
             Was a Follower of Makhleb.
             Slain by a lemure (4 damage)
             ... led by Pikel
             ... on level 4 of the Dungeon.
             The game lasted 00:37:06 (4478 turns).

Pooter the Summoner (Gnoll Wanderer)                Turns: 4478, Time: 00:37:07

Health: 0/44       AC:  7    Str: 14    XL:     6   Next: 9%
Magic:  13/17      EV:  9    Int: 18    God:    Makhleb [*.....]
Gold:   121        SH: 11    Dex: 13    Spells: 4/8 levels left

rFire    . . .     SeeInvis .   p - +0 spear (venom)
rCold    . . .     Faith    .   d - +3 kite shield
rNeg     . . .     Spirit   .   b - +0 ring mail
rPois    .         Reflect  .   (no helmet)
rElec    .         Harm     .   (no cloak)
rCorr    .         Rampage  .   (no gloves)
MR       .....                  n - +0 pair of boots
Stlth    ..........             (no amulet)
HPRegen  0.14/turn              s - ring of attention (curse)
MPRegen  0.15/turn              m - ring of magical power {MP+9}

@: no status effects
A: distributed training, fangs 1, strong nose
a: Renounce Religion


You were on level 4 of the Dungeon.
You worshipped Makhleb.
Makhleb was aware of your devotion.
You visited 1 branch of the dungeon, and saw 4 of its levels.

You collected 121 gold pieces.

Inventory:

Hand Weapons
 a - a +1 flail of holy wrath
 e - a +0 short sword
 o - a +0 trident
 p - a +0 spear of venom (weapon)
Missiles
 f - 16 sling bullets
 q - 154 stones (quivered)
 Q - 12 arrows
Armour
 b - a +0 ring mail (worn)
 d - a +3 kite shield (worn)
 n - a +0 pair of boots (worn)
Jewellery
 m - a ring of magical power (right hand) {MP+9}
 s - a cursed ring of attention (left hand)
 M - an uncursed ring of protection from magic
 N - an uncursed ring of positive energy {rN+}
 W - an uncursed ring of wizardry {Wiz+}
Wands
 r - a wand of polymorph (6)
Scrolls
 h - 3 scrolls of amnesia
 l - a scroll of blinking {!r}
 t - a scroll of teleportation
Potions
 c - 2 potions of cancellation {unknown}
 j - 3 potions of brilliance
 k - 2 potions of mutation {unknown}


   Skills:
 + Level 1.8 Fighting
 + Level 1.8 Short Blades
 + Level 1.8 Long Blades
 + Level 1.8 Axes
 + Level 1.8 Maces & Flails
 + Level 1.8 Polearms
 + Level 1.8 Staves
 + Level 1.8 Slings
 + Level 1.8 Bows
 + Level 1.8 Crossbows
 + Level 1.8 Throwing
 + Level 6.8 Armour
 + Level 1.8 Dodging
 + Level 1.8 Stealth
 + Level 3.1 Shields
 + Level 1.8 Unarmed Combat
 + Level 1.8 Spellcasting
 + Level 1.4 Conjurations
 + Level 1.4 Hexes
 + Level 8.9 Summonings
 + Level 1.4 Necromancy
 + Level 1.4 Translocations
 + Level 1.4 Transmutations
 + Level 1.4 Fire Magic
 + Level 1.4 Ice Magic
 + Level 1.4 Air Magic
 + Level 1.4 Earth Magic
 + Level 1.4 Poison Magic
 + Level 2.0 Invocations
 + Level 3.1 Evocations


You had 4 spell levels left.
You knew the following spells:

 Your Spells              Type           Power        Failure   Level
a - Summon Small Mammal   Summ           ####         4%          1
c - Call Canine Familiar  Summ           ####....     12%         3

Your spell library contained the following spells:

 Spells                   Type           Power        Failure   Level


Dungeon Overview and Level Annotations

Branches:
Dungeon (4/15)
 Temple: D:4-7

Altars:
Cheibriados
Dithmenos
Gozag
Kikubaaqudgha
Makhleb
Nemelex Xobeh
Okawaru
Uskayaw
Yredelemnul

Annotations:
D:3 2 transporters, Ijyb, Menkaure
D:4 Pikel


Innate Abilities, Weirdness & Mutations

Your experience applies equally to all skills.
You have very sharp teeth.
Your uncanny sense of smell can sniff out nearby items.


Message History

Pikel burns you.
* * * LOW HITPOINT WARNING * * *
The lemure hits you.
* * * LOW HITPOINT WARNING * * *
The lemure hits you but does no damage.
You take 11 damage, and have 9/44 hp.
GAME OVER YEAH!!
You barely miss Pikel. Pikel closely misses you. The lemure closely misses you.
The lemure barely misses you.
You closely miss Pikel. You bite Pikel, but do no damage.
You block Pikel's attack. The lemure hits you but does no damage.
The lemure closely misses you.
You hit Pikel but do no damage.
Pikel looks even sicker.
Pikel barely misses you. The lemure hits you but does no damage.
The lemure hits you.
* * * LOW HITPOINT WARNING * * *
You take 6 damage, and have 3/44 hp.
You closely miss Pikel. You bite Pikel, but do no damage.
You block the lemure's attack. You block Pikel's attack. The lemure hits you.
You die...

## ## ∆.. .# #.
.# #. .# #5 .#
#5 .#
###.##K#5######
......5@h.....#
#############.#
∆ ∆

Skill      XL: |  1  2  3  4  5 |
---------------+----------------+-----
Invocations    | 1 2 |  2.0
Fighting       | 1 |  1.8
Short Blades   | 1 |  1.8
Long Blades    | 1 |  1.8
Axes           | 1 |  1.8
Maces & Flails | 1 |  1.8
Polearms       | 1 |  1.8
Staves         | 1 |  1.8
Slings         | 1 |  1.8
Bows           | 1 |  1.8
Crossbows      | 1 |  1.8
Throwing       | 1 |  1.8
Dodging        | 1 |  1.8
Stealth        | 1 |  1.8
Unarmed Combat | 1 |  1.8
Spellcasting   | 1 |  1.8
Conjurations   | 1 |  1.4
Hexes          | 1 |  1.4
Necromancy     | 1 |  1.4
Translocations | 1 |  1.4
Transmutations | 1 |  1.4
Fire Magic     | 1 |  1.4
Ice Magic      | 1 |  1.4
Air Magic      | 1 |  1.4
Earth Magic    | 1 |  1.4
Poison Magic   | 1 |  1.4
Shields        | 3 |  3.1
Evocations     | 3 |  3.1
Armour         | |  6.8
Summonings     | |  8.9

Notes
Turn   | Place    | Note
-------+----------+-------------------------------------------
     0 | D:1      | Pooter the Gnoll Wanderer began the quest for the Orb.
     0 | D:1      | Pooter set off with the following items: a +0 club, a +0
                  | ring mail, a +0 kite shield; and the following spell
                  | memorised: Summon Small Mammal; and the following spells
                  | available to memorise: Call Canine Familiar
     0 | D:1      | Reached XP level 1. HP: 13/13 MP: 1/1
   139 | D:1      | HP: 3/13 [kobold (4)]
   147 | D:1      | Reached XP level 2. HP: 5/19 MP: 0/2
   834 | D:1      | Reached XP level 3. HP: 21/25 MP: 3/3
  1458 | D:2      | Reached skill level 1 in Invocations
  1692 | D:2      | Found a hide-covered altar of Uskayaw.
  2003 | D:2      | Reached skill level 1 in Fighting
  2003 | D:2      | Reached skill level 1 in Short Blades
  2003 | D:2      | Reached skill level 1 in Long Blades
  2003 | D:2      | Reached skill level 1 in Axes
  2003 | D:2      | Reached skill level 1 in Maces & Flails
  2003 | D:2      | Reached skill level 1 in Polearms
  2003 | D:2      | Reached skill level 1 in Staves
  2003 | D:2      | Reached skill level 1 in Slings
  2003 | D:2      | Reached skill level 1 in Bows
  2003 | D:2      | Reached skill level 1 in Crossbows
  2003 | D:2      | Reached skill level 1 in Throwing
  2003 | D:2      | Reached skill level 1 in Dodging
  2003 | D:2      | Reached skill level 1 in Stealth
  2003 | D:2      | Reached skill level 1 in Unarmed Combat
  2003 | D:2      | Reached skill level 1 in Spellcasting
  2013 | D:2      | Reached XP level 4. HP: 26/32 MP: 5/5
  2126 | D:2      | Learned a level 3 spell: Call Canine Familiar
  2131 | D:2      | Found a shadowy altar of Dithmenos.
  2583 | D:2      | Found a snail-covered altar of Cheibriados.
  2648 | D:2      | Found a burning altar of Makhleb.
  2663 | D:2      | Became a worshipper of Makhleb the Destroyer
  2748 | D:2      | Noticed an ice beast
  2780 | D:2      | Killed an ice beast
  2780 | D:2      | Reached skill level 1 in Conjurations
  2780 | D:2      | Reached skill level 1 in Hexes
  2780 | D:2      | Reached skill level 1 in Necromancy
  2780 | D:2      | Reached skill level 1 in Translocations
  2780 | D:2      | Reached skill level 1 in Transmutations
  2780 | D:2      | Reached skill level 1 in Fire Magic
  2780 | D:2      | Reached skill level 1 in Ice Magic
  2780 | D:2      | Reached skill level 1 in Air Magic
  2780 | D:2      | Reached skill level 1 in Earth Magic
  2780 | D:2      | Reached skill level 1 in Poison Magic
  2780 | D:2      | Reached XP level 5. HP: 37/37 MP: 3/7
  3436 | D:2      | Reached skill level 3 in Shields
  3436 | D:2      | Reached skill level 3 in Evocations
  3691 | D:3      | Found a transporter.
  3691 | D:3      | Found an ancient bone altar of Kikubaaqudgha.
  3692 | D:3      | Found a basalt altar of Yredelemnul.
  3692 | D:3      | Noticed a phantom
  3692 | D:3      | Noticed Menkaure
  3693 | D:3      | Noticed Ijyb
  3750 | D:3      | Found a shadowy altar of Dithmenos.
  3760 | D:3      | Reached skill level 2 in Invocations
  3760 | D:3      | Reached XP level 6. HP: 44/44 MP: 8/8
  3989 | D:3      | Reached * piety under Makhleb
  4011 | D:3      | Found an iron altar of Okawaru.
  4037 | D:3      | Found an opulent altar of Gozag.
  4037 | D:3      | Found a sparkling altar of Nemelex Xobeh.
  4097 | D:3      | Found a transporter.
  4464 | D:4      | Noticed Pikel
  4474 | D:4      | HP: 9/44 [lemure[Pikel] (4)]
  4477 | D:4      | HP: 3/44 [lemure[Pikel] (6)]
  4478 | D:4      | Slain by a lemure

Table legend: (Time is in decaauts)
 A = Elapsed time spent in this place.
 B = Non-inter-level travel time spent in this place.
 C = Inter-level travel time spent in this place.
 D = Time resting spent in this place.
 E = Time spent auto-exploring this place.
 F = Levels seen in this place.
 G = Mean time per level.
                   A        B        C        D        E       F      G
               +--------+--------+--------+--------+--------+-----+--------+
         Total |   4562 |   4352 |    210 |   1815 |   1037 |   4 | 1140.5 |
       Dungeon |   4562 |   4352 |    210 |   1815 |   1037 |   4 | 1140.5 |
               +--------+--------+--------+--------+--------+-----+--------+

Top non-repeatable levels by time:
     D:2: 2090 daAuts
     D:1: 1665 daAuts
     D:3: 792 daAuts
     D:4: 14 daAuts

Table legend:
 A = Kills in this place as a percentage of kills in entire the game.
 B = Kills by you in this place as a percentage of kills by you in the entire game.
 C = Kills by friends in this place as a percentage of kills by friends in the entire game.
 D = Other kills in this place as a percentage of other kills in the entire game.
 E = Experience gained in this place as a percentage of experience gained in the entire game.
 F = Experience gained in this place divided by the number of levels of this place that you have seen.
                   A       B       C       D       E      F
               +-------+-------+-------+-------+-------+----------------------
         Total | 100.0 | 100.0 | 100.0 |   N/A | 100.0 |  86.8
       Dungeon | 100.0 | 100.0 | 100.0 |   N/A | 100.0 |  86.8
               +-------+-------+-------+-------+-------+----------------------

Action                   |  1- 3 |  4- 6 || total
-------------------------+-------+-------++-------
Melee: Club              |    51 |       ||    51
       Bite              |    23 |    13 ||    36
       Short sword       |   158 |    74 ||   232
       Spear             |       |    68 ||    68
       Unarmed           |       |     2 ||     2
Throw: Stone             |    22 |     7 ||    29
 Cast: Summon Small Mamm |     4 |     1 ||     5
       Call Canine Famil |       |    23 ||    23
  Use: Scroll            |       |     8 ||     8
Armor: Ring mail         |    71 |    43 ||   114
Dodge: Dodged            |    72 |    59 ||   131
Block: Kite shield       |    89 |    74 ||   163

Vanquished Creatures
  An orc wizard (D:2)
  2 adders (D:2)
  An ooze (D:1)
  2 worms (D:2)
  3 leopard geckos
  8 orcs
  A giant cockroach (D:1)
  8 goblins
  10 hobgoblins
  A jackal (D:1)
  9 kobolds
  2 quokkas (D:2)
  2 ball pythons
  5 bats
  3 frilled lizards
  9 rats
67 creatures vanquished.

Vanquished Creatures (collateral kills)
  An ice beast (D:2)
  An orc wizard (D:3)
  4 gnolls (D:2)
  2 adders
  2 worms
  3 dart slugs
  6 orcs
  A ball python (D:3)
  2 goblins
  A hobgoblin (D:2)
  2 jackals (D:2)
  3 kobolds (D:2)
  2 bats (D:2)
  A frilled lizard (D:2)
31 creatures vanquished.

Grand Total: 98 creatures vanquished You could see Pikel (very poisoned), 4 lemures and a friendly hound (summoned).

Levels and vault maps discovered:
D:1:      zaba_arrival_water, layout_loops_ring, minmay_3d_cube
D:2:      layout_loops_ring, nicolae_overflow_hidden_temple,
          lemuel_crystal_altar, old_standard_altar, kennysheep_slug_shrine
D:3:      layout_rooms, grunt_temple_overflow_opulence, lemuel_crystal_altar,
          gammafunk_temple_of_torment, nicolae_dithmenos_shadow_blocks,
          uniq_ijyb
D:4:      layout_loops_ring, vehumet_crystals, elyvilon_altar_1,
          grunt_ashenzari_visionary [grunt_ashenzari_visionary_swamp,
          grunt_ashenzari_visionary_shoals], uniq_sigmund, uniq_edmund,
          uniq_pikel
